Map: Dusty Gorge

Players

ILIEKEGGPIE - Winner!

  • Race: Protoss Protoss
  • Spawn Location: 9:00

BizMac - Winner!

  • Race: Zerg Zerg
  • Spawn Location: 11:00

GllHoxmose

  • Race: Terran Terran
  • League: Diamond
  • Spawn Location: 5:00

Atsuda

  • Race: Protoss Protoss
  • League: Gold
  • Spawn Location: 3:00

VOD

Have the link to the VOD?

Description

Time

  • Played on: April 3, 2018, 11:37 a.m.
  • Length: 16:13
Show
View Real Time Build Order
Export as new Build Order

ILIEKEGGPIE Protoss - Winner!

Build Orders:  

Get SALT Encoding   

  12  0:02  Probe  
  13  0:14  Probe  
  14  0:26  Pylon  
  14  0:29  Probe  
  15  0:44  Probe  
  15  0:46  Gateway  
  16  0:57  Gateway  
  16  1:00  Probe  
  16  1:02  Assimilator  
  17  1:12  Probe  
  18  1:24  Probe  
  19  1:31  Assimilator  
  19  1:36  Zealot (Chrono Boost), Probe  
  19  1:38  Cybernetics Core  
  22  1:48  Probe  
  22  1:53  Pylon  
  23  2:11  Probe  
  23  2:13  Warp Gate (Chrono Boost)  
  23  2:14  Stalker x2  
  28  2:33  Robotics Facility  
  28  2:39  Probe  
  27  3:05  Stalker  
  31  3:29  Pylon  
  31  3:30  Pylon  
  31  3:35  Probe  
  30  3:45  Immortal (Chrono Boost)  
  30  3:46  Stalker  
  30  3:47  Probe  
  37  3:50  Gateway  
  37  3:53  Gateway  
  33  3:59  Probe  
  34  4:11  Probe  
  35  4:30  Nexus  
  39  4:36  Zealot  
  41  4:41  Observer (Chrono Boost)  
  38  4:49  Forge  
  38  4:55  Observer (Chrono Boost)  
  38  4:58  Pylon  
  39  5:20  Probe  
  39  5:21  Pylon  
  40  5:27  Stalker x2  
  40  5:28  Stalker x2  
  41  5:32  Probe  
  40  5:51  Zealot  
  40  5:52  Sentry  
  44  6:00  Probe  
  45  6:06  Photon Cannon  
  45  6:10  Probe  
  46  6:12  Probe  
  47  6:39  Protoss Ground Weapons Level 1 (Chrono Boost)  
  47  6:41  Stalker x2  
  47  6:42  Stalker  
  53  6:53  Probe x2 (Chrono Boost)  
  55  7:06  Probe (Chrono Boost)  
  57  7:10  Probe (Chrono Boost)  
  57  7:14  Probe (Chrono Boost)  
  58  7:19  Assimilator, Probe x2 (Chrono Boost)  
  60  7:25  Assimilator  
  60  7:27  Pylon  
  60  7:34  Robotics Bay  
  60  7:45  Probe (Chrono Boost)  
  60  7:46  Probe (Chrono Boost)  
  62  7:57  Probe (Chrono Boost)  
  64  8:02  Probe (Chrono Boost)  
  64  8:04  Probe (Chrono Boost)  
  65  8:08  Probe  
  65  8:11  Probe  
  67  8:21  Probe  
  67  8:22  Nexus  
  67  8:23  Probe  
  69  8:33  Probe  
  74  8:34  Immortal (Chrono Boost)  
  74  8:37  Protoss Ground Armor Level 1  
  74  8:43  Pylon  
  74  8:49  Probe x2  
  76  8:57  Sentry  
  76  9:01  Probe  
  79  9:03  Pylon  
  79  9:08  Photon Cannon  
  79  9:21  Probe x2  
  79  9:22  Assimilator  
  81  9:32  Robotics Facility  
  81  9:33  Probe  
  82  9:48  Probe x3  
  85  9:56  Assimilator  
  85  9:57  Stalker x2  
  85  9:58  Stalker x2  
  85  9:59  Pylon  
  93  10:01  Twilight Council  
  93  10:06  Forge  
  93  10:12  Probe (Chrono Boost)  
  96  10:17  Probe x2 (Chrono Boost)  
  96  10:24  Probe (Chrono Boost)  
  96  10:25  Protoss Ground Armor Level 2 (Chrono Boost), Protoss Ground Weapons Level 2 (Chrono Boost)  
  96  10:26  Extended Thermal Lance (Chrono Boost)  
  96  10:28  Pylon  
  99  10:30  Pylon, Probe x2 (Chrono Boost)  
  99  10:32  Probe (Chrono Boost)  
  100  10:37  Probe x3 (Chrono Boost)  
  103  10:51  Sentry x2  
  103  10:52  Stalker x2  
  111  11:00  Blink (Chrono Boost)  
  111  11:02  Probe x3  
  114  11:06  Immortal  
  118  11:18  Pylon  
  118  11:30  Probe x2, Pylon  
  119  11:41  Stalker x4  
  127  11:52  Immortal x2 (Chrono Boost)  
  135  12:24  Colossus x2  
  135  12:26  Probe x2  
  149  12:31  Pylon  
  149  12:33  Pylon  
  149  12:43  Pylon  
  149  12:46  Nexus  
  147  13:18  Immortal x2  
  155  13:20  Stalker x4  
  143  14:09  Stalker x4  
  141  14:12  Probe x3  
  130  14:17  Gateway  
  130  14:19  Gateway  
  130  14:22  Gateway  
  128  14:40  Probe  
  129  14:57  Gateway, Probe x3  
  132  15:00  Gateway  
  132  15:06  Gateway x2  
  132  15:26  Assimilator  
  132  15:30  Assimilator  
  128  16:08  Gateway  
  128  16:10  Gateway  
Show
View Real Time Build Order
Export as new Build Order

BizMac Zerg - Winner!

Build Orders: Pool First 

Get SALT Encoding   

  12  0:02  Drone  
  13  0:08  Drone  
  14  0:19  Overlord  
  14  0:33  Extractor  
  13  0:37  Spawning Pool  
  13  0:41  Drone  
  13  0:48  Drone  
  14  0:53  Drone  
  14  0:54  Drone  
  16  1:06  Drone  
  17  1:29  Hatchery  
  17  1:31  Drone  
  17  1:40  Metabolic Boost  
  17  1:45  Drone  
  18  1:57  Queen  
  20  2:07  Overlord  
  20  2:08  Zergling x4  
  22  2:41  Queen  
  24  2:50  Drone  
  25  2:57  Lair  
  24  3:08  Drone x2  
  24  3:11  Drone  
  27  3:14  Zergling x2  
  27  3:15  Zergling x8  
  32  3:32  Extractor  
  31  3:46  Drone  
  33  3:48  Drone x3  
  33  3:55  Drone  
  34  4:46  Spore Crawler  
  34  4:48  Overlord x2  
  34  4:50  Overseer  
  32  4:53  Spine Crawler, Zergling x8  
  32  4:55  Overlord x2  
  35  5:06  Queen  
  36  5:20  Drone x2  
  36  5:21  Drone  
  38  5:28  Queen  
  38  5:34  Spore Crawler  
  36  5:50  Spore Crawler  
  34  6:19  Drone  
  34  6:21  Drone  
  34  6:22  Drone x13  
  49  6:26  Extractor x2  
  47  6:38  Pneumatized Carapace  
  47  6:44  Hydralisk Den  
  46  6:58  Evolution Chamber, Drone x3  
  46  6:59  Evolution Chamber  
  46  7:00  Drone x6  
  53  7:15  Grooved Spines  
  53  7:18  Zergling x8  
  57  7:31  Baneling Nest  
  57  7:32  Zerg Ground Armor Level 1, Zerg Missile Weapons Level 1  
  56  7:38  Roach Warren  
  56  7:40  Drone x2  
  56  7:42  Drone  
  58  7:58  Overlord  
  58  7:59  Overlord x2  
  58  8:15  Hatchery  
  58  8:19  Drone  
  58  8:27  Muscular Augments  
  58  8:33  Hydralisk x13  
  84  8:43  Centrifical Hooks  
  84  8:48  Glial Reconstitution  
  84  8:50  Overlord x2  
  84  9:20  Infestation Pit  
  83  9:24  Roach  
  83  9:25  Roach x5, Extractor  
  83  9:29  Extractor  
  83  9:30  Queen  
  95  9:32  Drone  
  95  9:33  Drone x2  
  98  9:44  Zerg Missile Weapons Level 2  
  98  9:45  Zerg Ground Armor Level 2  
  98  9:55  Hydralisk  
  98  9:56  Hydralisk x4  
  98  9:57  Roach x2  
  112  10:13  Hydralisk  
  114  10:16  Overlord x3  
  114  10:17  Overlord  
  114  10:34  Baneling x4  
  114  10:35  Baneling x2  
  114  10:38  Drone x3  
  114  10:41  Drone x3  
  114  10:42  Drone x6  
  126  10:46  Hatchery  
  125  10:55  Roach x4  
  133  11:28  Drone x3  
  133  11:31  Hatchery  
  135  11:50  Spire  
  134  11:58  Drone x3  
  134  11:59  Drone  
  134  12:00  Drone x7  
  145  12:01  Overlord x3  
  145  12:02  Overlord  
  144  12:22  Roach x8, Hydralisk x2  
  160  12:23  Hydralisk x3  
  160  12:25  Overlord  
  141  13:20  Hydralisk  
  141  13:21  Hydralisk x14  
  163  13:38  Roach  
  163  13:39  Roach x8  
  87  14:34  Roach x8, Hydralisk x4  
  87  14:35  Roach, Hydralisk x2  
  99  14:53  Roach, Hydralisk x2  
  99  14:54  Roach, Hydralisk  
  109  15:26  Hydralisk x7  
  109  15:27  Roach  
  109  15:28  Roach x7  
  121  15:45  Hydralisk  
  121  15:46  Hydralisk x5  
  121  15:47  Roach x3  
Show
View Real Time Build Order
Export as new Build Order

GllHoxmose Terran 

Build Orders: 1/1/1, Mech, Banshee Rush 

Get SALT Encoding   

  12  0:00  SCV  
  13  0:12  SCV  
  14  0:23  Supply Depot  
  14  0:24  SCV  
  15  0:44  SCV  
  15  0:45  Barracks  
  15  0:49  Refinery  
  16  0:52  Refinery  
  16  0:56  SCV  
  17  1:08  SCV  
  17  1:10  Supply Depot  
  18  1:20  SCV  
  19  1:33  SCV  
  19  1:36  Factory  
  20  1:45  SCV  
  21  1:57  SCV  
  22  2:13  SCV  
  23  2:20  Starport  
  23  2:22  Starport  
  23  2:25  Orbital Command  
  23  2:43  Hellion  
  25  2:46  Supply Depot  
  25  2:50  SCV  
  26  2:58  Starport Tech Lab  
  26  3:04  Starport Tech Lab  
  28  3:05  Hellion  
  28  3:13  Supply Depot  
  28  3:23  Cloaking Field  
  28  3:26  Banshee x2  
  34  4:05  Factory Tech Lab  
  34  4:07  Command Center  
  34  4:09  Banshee x2  
  38  4:46  Hellion  
  40  5:11  Siege Tank  
  43  5:19  Factory  
  43  5:22  Factory  
  34  6:16  Factory Tech Lab x2  
  34  6:19  Factory  
  34  6:20  Factory  
  34  6:23  SCV  
  35  6:35  SCV  
  36  6:40  SCV  
  36  6:45  Supply Depot  
  36  6:46  Supply Depot x2  
  38  6:47  SCV  
  38  6:52  SCV  
  39  6:55  Siege Tank x3  
  39  6:59  SCV  
  49  7:04  SCV  
  49  7:06  Factory Tech Lab x2  
  49  7:08  Supply Depot  
  50  7:10  Supply Depot  
  50  7:11  Refinery x2, SCV  
  49  7:17  SCV  
  50  7:23  SCV  
  50  7:29  SCV  
  52  7:31  Siege Tank  
  52  7:35  SCV  
  56  7:41  SCV  
  57  7:44  Siege Tank  
  60  7:53  SCV  
  61  8:05  SCV  
  62  8:16  Engineering Bay  
  62  8:17  Armory, SCV  
  62  8:18  Armory  
  63  8:28  Viking x2  
  63  8:29  SCV  
  63  8:31  Siege Tank  
  71  8:41  SCV  
  72  8:53  Command Center, SCV  
  73  8:56  Missile Turret  
  73  9:05  SCV, Terran Vehicle And Ship Armor Level 1, Terran Ship Weapons Level 1  
  73  9:08  Thor  
  80  9:17  Missile Turret  
  80  9:18  SCV  
  81  9:30  Thor  
  87  9:35  Siege Tank  
  90  9:40  Missile Turret  
  90  9:52  SCV  
  89  10:05  Raven  
  91  10:08  Missile Turret  
  91  10:22  Thor  
  91  10:24  Siege Tank  
  100  10:30  SCV, Missile Turret  
  100  10:34  Orbital Command  
  101  10:39  Refinery  
  101  10:42  SCV  
  102  10:50  Refinery  
  102  10:51  Thor  
  102  10:54  SCV  
  102  10:57  Missile Turret  
  109  11:06  SCV  
  110  11:18  SCV  
  110  11:19  Thor  
  117  11:26  Supply Depot  
  117  11:27  Supply Depot  
  117  11:47  Thor  
  117  11:49  Supply Depot x2, Terran Vehicle Weapons Level 1  
  117  11:52  Terran Vehicle And Ship Armor Level 2  
  123  11:59  Siege Tank  
  126  12:12  Supply Depot x2  
  126  12:35  Supply Depot  
  126  12:36  Supply Depot  
  126  12:47  Siege Tank  
  126  12:48  Siege Tank x3  
  62  14:33  Thor x5  
  81  15:16  Siege Tank x4  
  81  15:17  Siege Tank  
  96  15:21  Factory  
  96  15:22  Factory  
  96  15:23  Factory  
Show
View Real Time Build Order
Export as new Build Order

Atsuda Protoss 

Build Orders: Dark Templar Rush 

Get SALT Encoding   

  12  0:01  Probe  
  13  0:13  Probe  
  14  0:25  Probe  
  15  0:34  Pylon  
  15  0:55  Forge  
  15  0:57  Gateway, Probe (Chrono Boost)  
  16  1:07  Probe (Chrono Boost)  
  16  1:11  Assimilator  
  17  1:12  Probe (Chrono Boost)  
  17  1:16  Assimilator  
  18  1:24  Probe  
  19  1:32  Photon Cannon  
  19  1:37  Pylon  
  19  1:46  Cybernetics Core  
  19  1:50  Probe (Chrono Boost)  
  20  1:59  Probe (Chrono Boost)  
  21  2:04  Pylon, Probe (Chrono Boost)  
  22  2:16  Probe  
  22  2:18  Gateway  
  23  2:23  Warp Gate (Chrono Boost)  
  23  2:31  Twilight Council  
  23  2:53  Gateway  
  23  3:07  Gateway  
  23  3:17  Dark Shrine  
  23  3:21  Zealot  
  22  3:55  Probe  
  22  4:07  Probe  
  19  4:31  Dark Templar x3  
  18  5:23  Zealot x3  
  20  5:32  Probe (Chrono Boost)  
  21  5:42  Probe (Chrono Boost)  
  22  5:47  Probe (Chrono Boost)  
  23  5:58  Probe  
  24  6:10  Probe (Chrono Boost)  
  25  6:20  Probe (Chrono Boost)  
  25  6:25  Probe (Chrono Boost)  
  26  6:28  Stargate  
  27  6:37  Probe  
  28  6:49  Probe  
  29  6:59  Nexus  
  29  7:04  Pylon  
  29  7:20  Void Ray  
  33  7:47  Stargate  
  33  8:03  Void Ray  
  37  8:16  Probe (Chrono Boost)  
  38  8:26  Probe (Chrono Boost)  
  39  8:31  Probe (Chrono Boost)  
  40  8:35  Void Ray  
  44  8:44  Probe (Chrono Boost)  
  44  8:45  Void Ray  
  44  8:47  Probe (Chrono Boost)  
  49  8:58  Probe (Chrono Boost)  
  51  9:03  Probe x2 (Chrono Boost)  
  51  9:06  Assimilator  
  52  9:12  Probe  
  52  9:13  Probe  
  52  9:15  Assimilator  
  54  9:18  Pylon  
  54  9:24  Probe  
  54  9:25  Void Ray  
  59  9:36  Void Ray, Probe  
  64  9:58  Probe (Chrono Boost)  
  66  10:08  Probe (Chrono Boost)  
  66  10:23  Void Ray (Chrono Boost)  
  66  10:24  Protoss Air Weapons Level 1  
  66  10:27  Pylon  
  70  10:29  Pylon  
  70  10:42  Void Ray (Chrono Boost)  
  70  10:44  Cybernetics Core  
  74  11:01  Void Ray (Chrono Boost)  
  78  11:16  Stargate  
  78  11:17  Void Ray  
  82  11:37  Nexus  
  81  11:55  Void Ray  
  85  12:04  Pylon  
  85  12:07  Pylon  
  85  12:12  Void Ray  
  83  12:22  Void Ray  
  87  12:44  Void Ray  
  91  12:55  Void Ray  
  87  13:05  Void Ray  
  59  13:53  Void Ray x3  
  71  13:57  Nexus  
  55  14:51  Dark Templar x3  
  55  14:52  Dark Templar  
Tags
 
Add a new tag
Caveats
  • Supply blocks, unpowered buildings, or Contaminate may cause inaccurate times.
  • Supply counts are checked every 10 seconds.